 Dungeon Crawl Stone Soup version 0.27-a0-808-g60bc5d92e6 (webtiles) character file.

Game seed: 11695913462131695037

205 leviel the Magician (level 5, -11/35 HPs)
             Began as a Djinni Conjurer on Mar 28, 2021.
             Mangled by an orc warrior
             ... wielding a +0 trident
              (16 damage)
             ... on level 3 of the Dungeon.
             The game lasted 00:04:39 (2609 turns).

leviel the Magician (Djinni Conjurer)               Turns: 2609, Time: 00:04:40

Health: -11/35     AC:  2    Str: 12    XL:     5   Next: 83%
Gold:   43         EV: 12    Int: 21    God:
                   SH:  0    Dex: 11

rFire    + + .     SeeInvis .   (no weapon)
rCold    x . .     Faith    .   (no shield)
rNeg     . . .     Spirit   .   a - +0 robe
rPois    ∞         Reflect  .   (no helmet)
rElec    .         Harm     .   (no cloak)
rCorr    .         Rampage  .   (no gloves)
Will     +....                  (boots unavailable)
Stlth    ++........             (no amulet)
HPRegen  0.11/turn              b - +6 ring of strength
MPRegen  0.00/turn              e - ring of willpower

@: flying
A: fire resistance 2, cold vulnerability 1, float, innate caster, hp casting,
extra vitality 1
a: no special abilities


You were on level 3 of the Dungeon.
You visited 1 branch of the dungeon, and saw 3 of its levels.

You collected 43 gold pieces.

Inventory:

Armour
 a - a +0 robe (worn)
Jewellery
 b - a +6 ring of strength (left hand)
 e - a ring of willpower (right hand)
 g - a ring of protection from fire
Scrolls
 d - a scroll of vulnerability {unknown}
 h - a scroll of enchant weapon
 i - a scroll of fear {unknown}
 j - 3 scrolls of magic mapping {unknown}
 k - a scroll of immolation {unknown}
 l - a scroll of brand weapon {unknown}
Potions
 c - a potion of berserk rage {unknown}
 f - a potion of heal wounds {unknown}


   Skills:
 - Level 2.1 Dodging
 - Level 1.5 Stealth
 + Level 5.9 Spellcasting


You couldn't memorise any spells.
You knew the following spells:

 Your Spells              Type           Power      Damage    Failure   Level
a - Magic Dart            Conj           100%       1d8       1%          1
b - Searing Ray           Conj           62%        3d5       1%          2
c - Dazzling Flash        Conj/Hex       62%        N/A       2%          3
d - Fulminant Prism       Conj/Hex       15%        3d11      9%          4
e - Iskenderun's Mystic   Conj/Tloc      31%        2d8       9%          4
f - Freeze                Ice            100%       1d11      1%          1
g - Call Imp              Summ           31%        N/A       1%          2
Your spell library was empty.

Dungeon Overview and Level Annotations

Branches:
Dungeon (3/15)

Altars:
Vehumet


Innate Abilities, Weirdness & Mutations

You are immune to poison.
Your flesh is very heat resistant. (rF++)
You are vulnerable to cold. (rC-)
You float through the air rather than walking.
You learn spells naturally, not from books.
Your magical power is your life essence.
You have superior vitality. (+4 HP)


Message History

You kill the kobold!
You can't see any susceptible monsters within range! (Use Z to cast anyway.)
You can't see any susceptible monsters within range! (Use Z to cast anyway.)
Found a hunting sling.
An orc priest and an orc wizard come into view.
The orc wizard moves out of view.
The orc priest moves out of view.
Found 8 gold pieces.
Things that are here:
a +0 short sword; 2 stones; a kobold corpse You now have 43 gold pieces (gained 8).
An orc warrior comes into view.
It is wielding a +0 trident and wearing a +0 plate armour of poison resistance.
The magic dart hits the orc warrior.
The orc warrior is moderately wounded.
The orc warrior shouts!
You hear a shout! x3
The magic dart hits the orc warrior but does no damage.
The orc warrior is moderately wounded.
The magic dart hits the orc warrior.
The orc warrior is heavily wounded.
The magic dart hits the orc warrior but does no damage.
The orc warrior is heavily wounded.
The orc priest shouts!
You hear a shout!
The orc wizard casts a spell at itself.
The orc wizard flickers and vanishes!
Deactivating autopickup; reactivate with Ctrl-A.
The orc warrior hits you from afar with a +0 trident!!
Ouch! That really hurt!
The orc priest calls upon Beogh to heal the orc warrior.
An orc wizard appears from thin air!
Reactivating autopickup.
The orc priest calls down the wrath of Beogh upon you.
Beogh smites you!
* * * LOW HITPOINT WARNING * * *
As you read the scroll labelled ZUWOPA LIRHE, it crumbles to dust.
It is a scroll of enchant weapon.
You aren't carrying any weapons that can be enchanted.
The orc wizard casts a spell at itself.
The orc wizard flickers and vanishes!
Deactivating autopickup; reactivate with Ctrl-A.
The orc warrior hits you from afar with a +0 trident!
You die...

## ##.# ##.#.##
#.o# #)..#.# #.##
##...## #+# #{#
##{## #.# #.# #.#
#.# ##### #.# #o#
###.## #...# #o#
#.#
.....####.#.####.#
#.######
#.....#...#...##@#
#......o
........#####....#
########
.#..###...#...####
>..## ###.#.###
#### #†..# # #####
#


You could see an orc warrior and an orc priest.

Vanquished Creatures
  A necrophage (D:3)
  4 gnolls (D:2)
  3 adders (D:2)
  2 dart slugs
  5 ball pythons
  5 endoplasms
  3 giant cockroaches (D:1)
  3 goblins
  6 hobgoblins
  5 kobolds
  3 quokkas
  A bat (D:2)
  3 frilled lizards
  5 rats
49 creatures vanquished.

Vanquished Creatures (others)
  3 plants (D:3)
3 creatures vanquished.

Grand Total: 52 creatures vanquished

Notes
Turn   | Place    | Note
-------+----------+-------------------------------------------
     0 | D:1      | leviel the Djinni Conjurer began the quest for the Orb.
     0 | D:1      | Reached XP level 1. HP: 15/15 MP: 0/0
   159 | D:1      | Reached XP level 2. HP: 18/21 MP: 0/0
   271 | D:1      | Reached skill level 4 in Spellcasting
   972 | D:1      | Reached XP level 3. HP: 19/25 MP: 0/0
   972 | D:1      | Learned a level 1 spell: Freeze
  1406 | D:2      | Found a faded altar of an unknown god.
  1691 | D:2      | Reached XP level 4. HP: 16/31 MP: 0/0
  1735 | D:2      | Reached skill level 5 in Spellcasting
  2401 | D:3      | Noticed a necrophage
  2407 | D:3      | Killed a necrophage
  2408 | D:3      | Reached XP level 5. HP: 29/35 MP: 0/0
  2408 | D:3      | Learned a level 2 spell: Call Imp
  2566 | D:3      | Noticed an orc warrior
  2609 | D:3      | Mangled by an orc warrior

Illustrated notes

Levels and vault maps discovered:
D:1:      erik_arrival_blinker_ship, layout_basic
D:2:      layout_loops_ring, nicolae_overflow_hidden_temple,
          chequers_ecumenical_altar_simple, amcnicky_mini_rare_corridor_liquid
D:3:      corexii_shack_village, layout_loops_corners, serial_shops, shop

Skill      XL: |  1  2  3  4 |
---------------+-------------+-----
Spellcasting   | 4 5 |  5.9
Dodging        | |  2.1
Stealth        | |  1.5

Action                   |  1- 3 |  4- 6 || total
-------------------------+-------+-------++-------
 Cast: Magic Dart        |    67 |    30 ||    97
       Searing Ray       |       |     2 ||     2
  Use: Scroll            |       |     1 ||     1
Dodge: Dodged            |     2 |     3 ||     5

Table legend: (Time is in decaauts)
 A = Elapsed time spent in this place.
 B = Non-inter-level travel time spent in this place.
 C = Inter-level travel time spent in this place.
 D = Time resting spent in this place.
 E = Time spent auto-exploring this place.
 F = Levels seen in this place.
 G = Mean time per level.
                   A        B        C        D        E       F      G
               +--------+--------+--------+--------+--------+-----+--------+
         Total |   2607 |   2575 |     32 |    268 |   2022 |   3 |  869.0 |
       Dungeon |   2607 |   2575 |     32 |    268 |   2022 |   3 |  869.0 |
               +--------+--------+--------+--------+--------+-----+--------+

Top non-repeatable levels by time:
     D:1: 1212 daAuts
     D:2: 1169 daAuts
     D:3: 225 daAuts
